 Dungeon Crawl Stone Soup version 0.30.0-3-ga4e48a9924 (webtiles) character file.

Game seed: 4956778267010591592

5 browni3141 the Vexing (level 2, 0/24 HPs)
             Began as a Meteoran Hexslinger on May 8, 2023.
             Slain by a hobgoblin (1 damage)
             ... on level 1 of the Dungeon.
             The game lasted 00:00:43 (122 turns).

browni3141 the Vexing (Meteoran Hexslinger)          Turns: 122, Time: 00:00:43

Health: 0/24       AC:  2    Str: 11    XL:     2   Next: 5%
Magic:  5/5        EV: 12    Int: 14    God:
Gold:   2          SH:  0    Dex: 14    Spells: 2/3 levels left

rFire   . . .        a - +1 sling
rCold   . . .        d - orb {*channel}
rNeg    . . .        c - +0 robe
rPois   .            (no helmet)
rElec   .            (no cloak)
rCorr   .            (no gloves)
SInv    .            (no boots)
Will    .....        (no amulet)
Stlth   +            (no ring)
HPRegen 0.24/turn    (no ring)
MPRegen 0.09/turn

%: channel magic (20%)
@: glowing
A: sense surroundings 1, otherworldly, glowing, explore regen
a: no special abilities


You were on level 1 of the Dungeon.
You visited 1 branch of the dungeon, and saw 1 of its levels.

You collected 2 gold pieces.

Inventory:

Hand Weapons
 a - a +1 sling (weapon)
Armour
 c - a +0 robe (worn)
 d - an orb of energy (worn)
Scrolls
 b - a scroll of poison


   Skills:
 - Level 2.0 Fighting
 * Level 2.2 Ranged Weapons
 - Level 2.4 Dodging
 - Level 1.3 Spellcasting
 - Level 3.6 Hexes


You had 2 spell levels left.
You knew the following spells:

 Your Spells              Type           Power      Damage    Failure   Level
S - Slow                  Hex            44%        N/A       17%         1

Your spell library contained the following spells:

 Spells                   Type           Power      Damage    Failure   Level
 Ensorcelled Hibernation  Hex/Ice        12%        N/A       38%         2
 Passwall                 Tmut/Erth      0%         N/A       58%         2
 Inner Flame              Hex/Fire       6%         N/A       58%         3
 Portal Projectile        Hex/Tloc       12%        N/A       58%         3
 Cause Fear               Hex            5%         N/A       71%         4
 Swiftness                Air            0%         N/A       78%         3


Dungeon Overview and Level Annotations

Branches:
Dungeon (1/15) Zot: 472

Altars:


Innate Abilities, Weirdness & Mutations

You passively map a small area around you.
You are easily found by Zot.
You glow in the dark.
You regain HP and MP as you explore.


Message History

You shoot a sling bullet. The sling bullet hits the endoplasm.
You kill the endoplasm!
d - an orb of energy You start putting on your armour.
You continue putting on your orb of energy. x4
You finish putting on your orb of energy.
You see here a book of Burglary.
You pick up a book of Burglary and begin reading...
You add the spells Passwall, Ensorcelled Hibernation and Swiftness to your library.
You see here 2 gold pieces.
You see here 5 stones.
You see here 4 stones.
An endoplasm comes into view.
The endoplasm quivers.
You shoot a sling bullet. The sling bullet hits the endoplasm.
You kill the endoplasm!
No target in view!
You see here 5 stones.
You see here 2 gold pieces.
You now have 2 gold pieces.
Found a stone staircase leading down.
A quokka, a bat and a hobgoblin come into view.
The hobgoblin shouts!
A giant cockroach comes into view.
The bat barely misses you.
You shoot a sling bullet. The sling bullet barely misses the bat.
The bat hits you but does no damage.
You shoot a sling bullet. The sling bullet hits the quokka.
The quokka is severely wounded.
The bat hits you but does no damage.
You shoot a sling bullet.
The sling bullet barely misses the quokka.
The bat closely misses you. The quokka misses you.
The hobgoblin barely misses you. The quokka bites you.
You shoot a sling bullet. The sling bullet misses the quokka.
The bat hits you. The hobgoblin misses you. The quokka bites you.
The hobgoblin misses you.
You shoot a sling bullet. The sling bullet hits the quokka.
You kill the quokka!
The giant cockroach bites you but does no damage.
The hobgoblin completely misses you.
The giant cockroach bites you but does no damage.
The giant cockroach closely misses you. The bat hits you.
The giant cockroach barely misses you.
You shoot a sling bullet.
The sling bullet hits the giant cockroach.
The giant cockroach is lightly wounded.
The bat misses you. The giant cockroach barely misses you.
You shoot a sling bullet.
The sling bullet barely misses the giant cockroach.
The bat hits you. The bat closely misses you.
The giant cockroach barely misses you. The hobgoblin hits you.
The giant cockroach misses you. The hobgoblin barely misses you.
The bat hits you but does no damage.
You are too injured to fight recklessly!
You are too injured to fight recklessly!
You are too injured to fight recklessly!
You are too injured to fight recklessly!
The giant cockroach attacks as you move away!
The giant cockroach bites you.
* * * LOW HITPOINT WARNING * * *
The bat barely misses you.
The giant cockroach attacks as you move away!
The giant cockroach bites you but does no damage.
The bat misses you.
You shoot a sling bullet.
The sling bullet closely misses the bat.
The sling bullet hits the hobgoblin.
The hobgoblin is almost dead.
The bat misses you. The bat hits you but does no damage.
You shoot a sling bullet.
The sling bullet hits the giant cockroach.
You kill the giant cockroach!
The bat closely misses you.
Training target 2.0 for Fighting reached!
Your Fighting skill increases to level 2!
You need to enable at least one skill for training.
You have reached level 2!
You shoot a sling bullet.
The sling bullet closely misses the hobgoblin.
The bat barely misses you. The hobgoblin hits you.
* * * LOW HITPOINT WARNING * * *
The bat hits you but does no damage.
You shoot a sling bullet.
The sling bullet closely misses the hobgoblin.
The bat hits you.
* * * LOW HITPOINT WARNING * * *
The bat hits you.
* * * LOW HITPOINT WARNING * * *
The hobgoblin misses you.
The hobgoblin hits you but does no damage.
You shoot a sling bullet.
The sling bullet closely misses the hobgoblin.
The bat misses you. The hobgoblin hits you.
* * * LOW HITPOINT WARNING * * *
You shoot a sling bullet.
The sling bullet barely misses the hobgoblin.
The bat hits you.
* * * LOW HITPOINT WARNING * * *
The hobgoblin hits you.
You die...

*###..... ,, #.# #. * ,, ......
, , #.# #( ........# * **.... ,
*#.# #( ........# *
#.#########.###. ........#
#............... .[......#
#.#########.#.#. ........#
###.# #..... ........# #...#
###... ........######@#.######
#...
......†......g.........#####...
........#....#b#...............
*
......>.....##.##########......
, ..####.####....# #...... .,
#. ###..# #..8..| ** #. #..#
#.....[ *, #. , ...#* #....## *
#. #...* #....#,


You could see a hobgoblin and a bat.

Vanquished Creatures
  2 endoplasms (D:1)
  A giant cockroach (D:1)
  A quokka (D:1)
4 creatures vanquished.

Notes
Turn   | Place    | Note
-------+----------+-------------------------------------------
     0 | D:1      | browni3141 the Meteoran Hexslinger began the quest for the
                  | Orb.
     0 | D:1      | Reached XP level 1. HP: 16/16 MP: 3/3
   119 | D:1      | Reached XP level 2. HP: 9/24 MP: 5/5
   122 | D:1      | HP: 1/24 [bat (1)]
   122 | D:1      | Slain by a hobgoblin

Illustrated notes

Levels and vault maps discovered:
D:1:      nicolae_arrival_somewhat_less_tricky_arrival, layout_basic

Skill      XL: |  1 |
---------------+----+-----
Fighting       | 2 |  2.0
Ranged Weapons | |  2.2
Dodging        | |  2.4
Spellcasting   | |  1.3
Hexes          | |  3.6

Action                     || total
---------------------------++-------
   Fire: Sling             ||    16
 Armour: Robe              ||     9
  Dodge: Dodged            ||    22
